 Dungeon Crawl Stone Soup version 0.26-a0-466-g989023bd0d (webtiles) character file.

Game seed: 9572719908914997358

10024 glug the Cleaver (level 11, -4/84 HPs)
             Began as an Octopode Fighter on Aug 11, 2020.
             Was a High Priest of Cheibriados.
             Shot with an arrow by a centaur (15 damage)
             ... on level 11 of the Dungeon.
             The game lasted 00:24:14 (14309 turns).

glug the Cleaver (Octopode Fighter)                Turns: 14309, Time: 00:24:15

Health: -4/84      AC:  1    Str: 31    XL:     11   Next: 55%
Magic:  15/15      EV: 18    Int: 21    God:    Cheibriados [*****.]
Gold:   522        SH: 13    Dex: 24    Spells: 10/10 levels left

rFire    + . .     SeeInvis .   i - +2 hand axe (distort)
rCold    . . .     Faith    .   b - +1 kite shield
rNeg     . . .     Spirit   .   (helmet restricted)
rPois    +         Reflect  .   (no amulet)
rElec    .         Harm     .   t - ring of poison resistance
rCorr    .         Rnd*Tele +   y - ring of protection from fire
MR       .....                  r - ring of teleportation (curse)
Stlth    +++++.....             (no ring)
HPRegen  0.24/turn              (no ring)
MPRegen  0.14/turn              (no ring)
                                (no ring)
                                (no ring)

@: very slow
A: almost no armour, stealthy swim, amphibious, 8 rings, constrict 8, camouflage
1, agile 1, robust 1, gelatinous body 1
a: Bend Time, Temporal Distortion, Slouch, Step From Time, Renounce Religion


You were on level 11 of the Dungeon.
You worshipped Cheibriados.
Cheibriados was extremely pleased with you.
You visited 2 branches of the dungeon, and saw 12 of its levels.

You collected 522 gold pieces.

Inventory:

Hand Weapons
 a - a +0 trident of flaming
 i - a +2 hand axe of distortion (weapon)
 C - a +1 scimitar of flaming
Missiles
 j - 6 javelins (quivered)
 m - 22 poisoned darts
 n - 12 boomerangs
 u - 4 boomerangs of dispersal
 w - 2 throwing nets
Armour
 b - a +1 kite shield (worn)
Magical Staves
 E - an uncursed staff of wizardry {unknown}
Jewellery
 r - a cursed ring of teleportation (on tentacle)
 t - a ring of poison resistance (left tentacle)
 y - a ring of protection from fire (right tentacle)
Wands
 f - a wand of flame (15)
 p - a wand of disintegration (13)
 x - a wand of acid (18)
 B - a wand of polymorph (8)
 D - a wand of clouds (6)
Scrolls
 h - 5 scrolls of identify
 o - 3 scrolls of teleportation
Potions
 c - a potion of might
 d - 9 potions of curing
 e - a potion of brilliance
 g - 2 potions of flight
 l - 3 potions of cancellation
 q - a potion of haste
 s - a potion of heal wounds
 v - 4 potions of lignification
 z - a potion of resistance {unknown}
 A - a potion of magic


   Skills:
 + Level 8.1 Fighting
 + Level 10.7(10.8) Axes
 - Level 2.1(7.2) Polearms
 + Level 5.2 Throwing
 + Level 7.9 Dodging
 - Level 5.6 Stealth
 + Level 4.6 Shields
 * Level 5.8 Invocations
 * Level 1.9 Evocations


You had 10 spell levels left.
You didn't know any spells.
Your spell library contained the following spells:

 Spells                   Type           Power        Failure   Level
 Shock                    Conj/Air       #...         56%         1
 Swiftness                Air            #.......     71%         2
 Static Discharge         Conj/Air       #.......     90%         3
 Airstrike                Air            #.........   100%        4
 Lightning Bolt           Conj/Air       #.........   100%        5


Dungeon Overview and Level Annotations

Branches:
Dungeon (11/15)            Temple (1/1) D:4            Lair (0/6) D:9
    Orc (0/2) D:9

Altars:
Ashenzari
Cheibriados
Dithmenos
Elyvilon
Fedhas
Gozag
Hepliaklqana
Kikubaaqudgha
Makhleb
Nemelex Xobeh
Okawaru
Qazlal
Ru
Sif Muna
Trog
Uskayaw
Vehumet
Wu Jian
Xom
Yredelemnul
Zin
The Shining One

Shops:
D:4 =   D:5 =   D:6 *

Annotations:
D:5 exclusion: 2 downstairs
D:7 Harold, Menkaure
D:10 exclusion: 2 downstairs
D:11 Fannar
Abyss:1 Pikel


Innate Abilities, Weirdness & Mutations

You cannot wear most types of armour.
You are very stealthy in the water. (Stealth+)
You are amphibious.
You can wear up to eight rings at the same time.
You can use your tentacles to constrict eight enemies at once.
Your skin changes colour to match your surroundings (Stealth+).
Your rubbery body absorbs attacks. (AC +1, EV +1)
You are agile. (Dex +2)
You are robust. (+10% HP)


Message History

You see here an arrow.
You slash the acid dragon!
Space bends around the acid dragon.
Your squeeze misses the acid dragon.
The acid dragon is severely wounded.
The centaur shoots an arrow.
You block the arrow. The acid dragon misses you. x2
You hit the acid dragon but do no damage.
The acid dragon is severely wounded.
You block the acid dragon's attack. The acid dragon claws you.
The centaur shoots an arrow.
The arrow hits you!
You hit the acid dragon.
Space bends around the acid dragon.
The acid dragon is almost dead.
The acid dragon bites you!
* * * LOW HITPOINT WARNING * * *
You block the acid dragon's attack.
You barely miss the acid dragon. You squeeze the acid dragon.
The acid dragon is almost dead.
The centaur shoots an arrow.
The arrow hits you!
* * * LOW HITPOINT WARNING * * *
The centaur shoots an arrow.
The arrow hits you!
You die...

##.......## ##.........##
##...........##
##.............##
##...............##
##.........(.(.....##
##...................##
##.......(.(...)<......#
##...........(.@D.[......
##................[[......
#...(..(...#..............
..........###...c.........
...........#..............
.....................#...D
....................###...
.(...................#....
................#.......).....


You could see an acid dragon and a centaur.

Vanquished Creatures
  Erica (D:8)
  An ugly thing (D:11)
  A manticore (D:11)
  Psyche (D:10)
  Grinder (D:3)
  A hippogriff (D:7)
  Sigmund (D:5)
  4 yaks
  A wyvern (D:9)
  A basilisk (D:7)
  A steam dragon (D:10)
  Grum (D:8)
  2 porcupines (D:9)
  4 orc warriors
  2 sky beasts
  2 ice beasts
  2 necrophages (D:6)
  4 ogres
  A phantom (D:7)
  3 black bears
  6 centaurs
  A wolf (D:8)
  A crocodile (D:9)
  A lemure (D:6)
  3 bullfrogs
  A gnoll sergeant (D:5)
  A water moccasin zombie (D:8)
  5 scorpions
  5 killer bees (D:9)
  3 wights
  5 electric eels
  A howler monkey (D:4)
  6 bullfrog zombies
  10 orc priests
  3 hounds
  An iguana (D:9)
  2 jellies (D:6)
  7 orc wizards
  A bullfrog skeleton (D:7)
  A worker ant (D:10)
  3 hound zombies
  A howler monkey zombie (D:6)
  7 gnolls
  4 adders
  A shadow imp (D:7)
  3 ufetubi
  An ooze (D:2)
  An adder skeleton (D:5)
  2 worms (D:2)
  3 leopard geckos
  29 orcs
  2 ball pythons (D:3)
  5 giant cockroaches
  6 goblins
  5 hobgoblins
  9 jackals
  11 kobolds
  7 quokkas
  2 bats (D:1)
  8 frilled lizards
  A leopard gecko skeleton (D:8)
  A quokka skeleton (D:3)
  A quokka zombie (D:7)
  4 rats
  A fungus (D:9)
217 creatures vanquished.

Vanquished Creatures (others)
  A blink frog (D:11)
  A wyvern (D:5)
  2 yaks (D:10)
  An orc warrior (D:7)
  A sky beast (D:6)
  An ice beast (D:7)
  A wolf (D:8)
  A centaur (D:5)
  2 crocodiles (D:9)
  A wyvern zombie (D:10)
  A wyvern skeleton (D:11)
  A killer bee (D:9)
  A wight (D:6)
  2 bullfrog skeletons (D:9)
  An adder (D:4)
  An adder zombie (D:9)
  An adder skeleton (D:5)
  A worm (D:4)
  An orc (D:4)
  A hobgoblin (D:3)
  2 jackals
  A jackal zombie (D:5)
  26 fungi (D:9)
  11 plants
63 creatures vanquished.

Grand Total: 280 creatures vanquished

Notes
Turn   | Place    | Note
-------+----------+-------------------------------------------
     0 | D:1      | glug the Octopode Fighter began the quest for the Orb.
     0 | D:1      | Reached XP level 1. HP: 16/16 MP: 1/1
   223 | D:1      | Reached XP level 2. HP: 21/21 MP: 2/2
   965 | D:2      | Reached skill level 1 in Stealth
   988 | D:2      | Reached XP level 3. HP: 26/26 MP: 3/3
  1585 | D:2      | Found a faded altar of an unknown god.
  1772 | D:2      | Reached XP level 4. HP: 32/32 MP: 4/4
  2110 | D:3      | Noticed Grinder
  2118 | D:3      | Killed Grinder
  2118 | D:3      | Reached skill level 2 in Axes
  2118 | D:3      | Reached skill level 5 in Stealth
  2118 | D:3      | Reached XP level 5. HP: 37/37 MP: 5/5
  2118 | D:3      | Reached XP level 6. HP: 43/43 MP: 6/6
  2139 | D:3      | Found a white marble altar of Elyvilon.
  2763 | D:3      | Found a sparkling altar of Nemelex Xobeh.
  2907 | D:4      | Found a staircase to the Ecumenical Temple.
  3003 | D:4      | Reached skill level 3 in Axes
  3302 | Temple   | Entered the Ecumenical Temple
  3497 | Temple   | Became a worshipper of Cheibriados the Contemplative
  3545 | D:4      | Found an iron altar of Okawaru.
  3780 | D:4      | Reached XP level 7. HP: 48/48 MP: 7/7
  4001 | D:4      | Got a clouded silver amulet
  4007 | D:4      | Identified the amulet of the Coward {Inacc Dex+4} (You
                  | found it on level 4 of the Dungeon)
  4188 | D:4      | Found Wuocleth's Jewellery Boutique.
  4261 | D:5      | Entered Level 5 of the Dungeon
  4261 | D:5      | Noticed a wyvern
  4267 | D:5      | Banished a wyvern
  4267 | D:5      | Reached skill level 4 in Axes
  4267 | D:5      | Reached skill level 1 in Throwing
  4267 | D:5      | Reached skill level 1 in Invocations
  4330 | D:5      | Found Onnidevisk's Jewellery Shop.
  4740 | D:5      | Gained mutation: You are robust. (+10% HP) [potion of
                  | mutation]
  4740 | D:5      | Gained mutation: You are agile. (Dex +2) [potion of
                  | mutation]
  4926 | D:5      | Found a radiant altar of Vehumet.
  4962 | D:5      | Reached * piety under Cheibriados
  5085 | D:5      | Reached XP level 8. HP: 31/59 MP: 9/9
  5417 | D:5      | Reached skill level 5 in Axes
  6436 | D:6      | Reached skill level 6 in Axes
  6500 | D:6      | Found Igugaergh's General Store.
  6500 | D:6      | Noticed Sigmund
  6555 | D:5      | Killed Sigmund
  6555 | D:5      | Reached skill level 5 in Fighting
  6555 | D:5      | Reached skill level 5 in Dodging
  7192 | D:6      | Noticed Pikel
  7203 | D:6      | Reached XP level 9. HP: 62/67 MP: 12/12
  7205 | D:6      | Banished Pikel
  7205 | D:6      | Reached skill level 7 in Axes
  7654 | D:6      | Reached ** piety under Cheibriados
  8290 | D:7      | Noticed Harold
  8489 | D:7      | Reached skill level 8 in Axes
  8533 | D:7      | Reached XP level 10. HP: 53/74 MP: 13/13
  9440 | D:7      | Reached *** piety under Cheibriados
  9581 | D:7      | Noticed Menkaure
  9599 | D:8      | Noticed Grum
  9605 | D:8      | Killed Grum
  9605 | D:8      | Reached skill level 9 in Axes
 10456 | D:8      | Found an ancient bone altar of Kikubaaqudgha.
 10457 | D:8      | Found a sacrificial altar of Ru.
 10459 | D:8      | Found a hide-covered altar of Uskayaw.
 10767 | D:8      | Noticed Erica
 10821 | D:8      | Killed Erica
 10821 | D:8      | Reached skill level 5 in Throwing
 11513 | D:9      | Reached **** piety under Cheibriados
 11593 | D:9      | Found a blossoming altar of Fedhas.
 11593 | D:9      | Found a shattered altar of Ashenzari.
 11594 | D:9      | Found an opulent altar of Gozag.
 11653 | D:9      | Reached skill level 10 in Axes
 11753 | D:9      | Found a staircase to the Lair.
 11776 | D:9      | Reached XP level 11. HP: 48/82 MP: 14/14
 12021 | D:9      | Found a staircase to the Orcish Mines.
 12381 | D:10     | Entered Level 10 of the Dungeon
 12519 | D:10     | Noticed Psyche
 12525 | D:10     | Killed Psyche
 12660 | D:10     | Reached skill level 5 in Invocations
 13685 | D:11     | Noticed a purple ugly thing
 13704 | D:11     | Noticed Sonja
 13707 | D:11     | Noticed Sonja
 13707 | D:11     | Sonja changed into Sonja the blink frog
 13709 | D:11     | Noticed a manticore
 14146 | D:11     | Reached skill level 1 in Evocations
 14232 | D:11     | Banished Sonja the blink frog
 14238 | D:11     | Noticed a cyclops
 14285 | D:11     | Killed a purple ugly thing
 14290 | D:11     | Killed a manticore
 14290 | D:11     | Reached ***** piety under Cheibriados
 14291 | D:11     | Noticed Fannar
 14309 | D:11     | Shot with an arrow by a centaur

Illustrated notes

Levels and vault maps discovered:
D:1:      evilmike_arrival_fibonacci_small, layout_basic,
          grunt_decor_mini_mirrors, serial_bayou_lagoon_a, st_stairs_9,
          chequers_serial_rivers_micro_e
D:2:      layout_loops_ring, chequers_ecumenical_altar_lobes
D:3:      layout_basic, elyvilon_altar_5, marbit_many_paths, uniq_grinder
D:4:      layout_basic, minmay_temple_entry_sparse_star, minivault_19,
          minmay_shop_enchanted_jewellery, okawaru_metal_pillars_1_2
D:5:      layout_cave_pools, nicolae_overflow_crystal_walls, serial_shops,
          nicolae_shop_window_shopping
D:6:      layout_loops_corners, serial_shops, shop, uniq_sigmund, uniq_pikel
D:7:      layout_basic, serial_bayou, serial_bayou_pond_d, serial_bayou_pond_e,
          serial_bayou_ford_a, serial_bayou_pond_c, enter_bailey_2, uniq_harold,
          uniq_menkaure
D:8:      layout_basic, grunt_temple_overflow_open, minmay_misc_feat_doors,
          uniq_erica, uniq_grum
D:9:      layout_loops_ring, gammafunk_temple_overflow_claw,
          due_lair_maze_entry_diamond, orc_0_dummy
D:10:     layout_long_grid, serial_bayou_lagoon_b, uniq_psyche
D:11:     layout_big_octagon, serial_shops, nicolae_shop_trees, uniq_fannar,
          uniq_sonja
Temple:   nicolae_temple_figure_eight

Skill      XL: |  1  2  3  4  5  6  7  8  9 10 11 |
---------------+----------------------------------+-----
Stealth        | 1 2 5 |  5.6
Axes           | 2 3 4 6 8 10 | 10.7
Fighting       | 4 5 6 7 8 |  8.1
Dodging        | 4 5 6 7 |  7.9
Throwing       | 1 3 4 5 |  5.2
Invocations    | 2 4 5 |  5.8
Shields        | 4 |  4.6
Evocations     | 1 |  1.9
Polearms       | |  2.1

Action                   |  1- 3 |  4- 6 |  7- 9 | 10-12 || total
-------------------------+-------+-------+-------+-------++-------
Melee: Trident           |    36 |       |       |       ||    36
       Constrict         |    14 |    13 |    24 |    45 ||    96
       Hand axe          |    32 |    55 |   139 |   208 ||   434
       Tentacles         |     5 |    11 |    31 |    66 ||   113
Throw: Dart              |       |     8 |    23 |    22 ||    53
       Throwing net      |       |       |     1 |       ||     1
       Javelin           |       |       |       |     1 ||     1
Evoke: Wand              |       |       |       |     2 ||     2
  Use: Scroll            |       |       |    20 |     6 ||    26
       Potion            |       |       |     3 |       ||     3
 Stab: Sleeping          |    14 |    13 |     8 |    21 ||    56
       Distracted        |       |       |     2 |     1 ||     3
Armor: Skin              |     3 |     2 |       |     4 ||     9
Dodge: Dodged            |    28 |     8 |    73 |   138 ||   247
Block: Kite shield       |    23 |    15 |    70 |   115 ||   223

Table legend: (Time is in decaauts)
 A = Elapsed time spent in this place.
 B = Non-inter-level travel time spent in this place.
 C = Inter-level travel time spent in this place.
 D = Time resting spent in this place.
 E = Time spent auto-exploring this place.
 F = Levels seen in this place.
 G = Mean time per level.
                   A        B        C        D        E       F      G
               +--------+--------+--------+--------+--------+-----+--------+
         Total |  17013 |  16304 |    709 |   4604 |   9439 |  12 | 1417.8 |
       Dungeon |  16791 |  16128 |    663 |   4604 |   9264 |  11 | 1526.5 |
        Temple |    222 |    177 |     45 |      0 |    175 |   1 |  222.0 |
               +--------+--------+--------+--------+--------+-----+--------+

Top non-repeatable levels by time:
    D:10: 2342 daAuts
     D:5: 2309 daAuts
     D:6: 2187 daAuts
     D:8: 2172 daAuts
     D:7: 1833 daAuts
     D:9: 1531 daAuts
     D:4: 1381 daAuts
     D:2: 1085 daAuts
     D:1: 973 daAuts
     D:3: 835 daAuts
  Temple: 222 daAuts
    D:11: 138 daAuts
